[Event "*** Titled Tuesday Blitz"]
[Site "Chess.com"]
[Date "2019.09.03"]
[Round "4"]
[White "DenishevM"]
[Black "ZeroRealtorFade"]
[Result "1-0"]
[WhiteElo "2547"]
[BlackElo "2356"]
[TimeControl "180+2"]
[EndTime "15:52:09 PDT"]
[Termination "DenishevM won on time"]

1. e4 Nc6 2. Nf3 d6 3. d4 Nf6 4. Nc3 g6 5. d5 Nb8 6. Bd3 Bg7 7. O-O O-O 8. h3 c6 9. Re1 Nbd7 10. Be3 cxd5 11. exd5 Nb6 12. Be2 Bd7 13. Bd4 Rc8 14. a4 a6 15. b3 Re8 16. a5 Na8 17. Bc4 Nc7 18. Bb6 Ra8 19. Nd4 Qc8 20. Qd3 e5 21.
dxe6 Nxe6 22. Nxe6 Bxe6 23. Bxe6 Rxe6 24. Rxe6 Qxe6 25. Rd1 Rc8 26. Bd4 Rc6 27. Bxf6 Bxf6 28. Nd5 Bd8 29. b4 f5 30. c4 Qe4 31. Qxe4 fxe4 32.
Rd4 b6 33. axb6 Bxb6 34. Ne7+ 1-0

[Event "*** Titled Tuesday Blitz"]
[Site "Chess.com"]
[Date "2019.09.03"]
[Round "4"]
[White "scaryninja"]
[Black "JakeCarlosBanawa"]
[Result "0-1"]
[WhiteElo "2492"]
[BlackElo "2430"]
[TimeControl "180+2"]
[EndTime "15:52:14 PDT"]
[Termination "JakeCarlosBanawa won by resignation"]

1. e4 c5 2. Nf3 d6 3. d4 cxd4 4. Nxd4 Nf6 5. Nc3 a6 6. h3 e6 7. g4 d5 8. e5 Nfd7 9. f4 Qh4+ 10. Ke2 Nc6 11. Nf3 Qd8 12. Be3 f6 13. exf6 Nxf6 14. Bg2 Bd6 15. Rf1 O-O 16. Nd4 Bd7 17.
Qd2 Rc8 18. Nxc6 bxc6 19. g5 Nh5 20. Rf2 Qc7 21. Raf1 Ng3+ 22. Ke1 Nxf1 23. Rxf1 c5 24. Ne2 Rce8 25. Kd1 d4 26. Bg1 e5 27. fxe5 Rxf1+ 28. Bxf1 Bxe5 29. Kc1 Rf8 30. Qd1 Bb5 31. Bg2 Bf4+ 32.
Kb1 Bxg5 33. Nc1 Qg3 34. Bd5+ Kh8 35. Nb3 Rf1 0-1

[Event "*** Titled Tuesday Blitz"]
[Site "Chess.com"]
[Date "2019.09.03"]
[Round "4"]
[White "ecwinslow"]
[Black "a_kandil"]
[Result "0-1"]
[WhiteElo "2031"]
[BlackElo "2406"]
[TimeControl "180+2"]
[EndTime "15:52:14 PDT"]
[Termination "a_kandil won by resignation"]

1. d4 Nf6 2. c4 e6 3. Nf3 Bb4+ 4.
Nbd2 b6 5. a3 Bxd2+ 6. Qxd2 Bb7 7. e3 d6 8. b3 Nbd7 9. Bb2 O-O 10. Be2 Qe7 11. O-O c5 12. Rfd1 Ne4 13. Qc2 Rfd8 14. Nd2 Nxd2 15. Qxd2 Nf6 16. f3 e5 17. Qc3 exd4 18. exd4 Qxe2 19. Re1 cxd4 20. Qxd4 Qc2 21. Re3 Re8 22. Rae1 Rxe3 23. Rxe3 Re8 24. Rxe8+ Nxe8 25. Qe3 Kf8 26. Bc3 Bc8 27. g4 Be6 28. a4 a5 29.
Bd4 g6 30. Bxb6 h5 31. h3 hxg4 32. hxg4 Kg8 33. Bxa5 d5 34. c5 Qd1+ 35. Kf2 d4 36.
Qe5 Qc2+ 37. Kg3 Qxb3 38. Qxd4 Qd5 39. Qc3 Bd7 40. Qb4 Bc6 41. Qa3 Ng7 42. Bc3 Qxf3+ 43. Kh4 Ne6 0-1

[Event "*** Titled Tuesday Blitz"]
[Site "Chess.com"]
[Date "2019.09.03"]
[Round "4"]
[White "Mr_Penings"]
[Black "TreabharMakernes"]
[Result "0-1"]
[WhiteElo "2501"]
[BlackElo "2366"]
[TimeControl "180+2"]
[EndTime "15:52:15 PDT"]
[Termination "TreabharMakernes won by resignation"]

1. c4 e6 2. e4 d5 3. exd5 exd5 4. d4 Nf6 5. Nc3 Bb4 6. Nf3 O-O 7. Be2 Re8 8. O-O h6 9. h3 c6 10. Ne5 Bf5 11. Be3 Nbd7 12. f4 Bxc3 13. bxc3 Ne4 14. Qe1 f6 15. g4 fxe5 16. gxf5 exd4 17. Bxd4 Ndf6 18. Qh4 c5 19. Be5 d4 20. cxd4 cxd4 21. Bd3 Nc5 22. Rad1 Rf8 23. Kh2 Qa5 24. Rg1 Kh8 25.
Rg6 Qxa2+ 26. Kh1 Nxd3 27. Rxh6+ Kg8 28. Rh8+ Kf7 29. Rxf8+ Rxf8 30. Rf1 Qe2 31. Kg1 Rc8 32.
Qg3 Qe3+ 33. Qxe3 dxe3 34. Rd1 e2 0-1

[Event "*** Titled Tuesday Blitz"]
[Site "Chess.com"]
[Date "2019.09.03"]
[Round "4"]
[White "xberli"]
[Black "Caisachess"]
[Result "0-1"]
[WhiteElo "2453"]
[BlackElo "2281"]
[TimeControl "180+2"]
[EndTime "15:52:15 PDT"]
[Termination "Caisachess won by resignation"]

1. e4 e5 2. Nf3 Nc6 3. Bb5 f5 4. d3 fxe4 5. dxe4 Nf6 6. O-O Bc5 7. Qd3 d6 8. Qc4 Qe7 9. Nc3 Bd7 10. Bg5 Qf7 11.
Nd5 Nxd5 12. exd5 Nd4 13. Bxd7+ Qxd7 14. Nxe5 Qf5 15. c3 b5 16. Qd3 dxe5 17. Qe3 Ne6 18.
Qe2 Nxg5 19. Qxb5+ Qd7 20. Qxc5 Qd6 21. Qb5+ Qd7 22. Qc5 Nf7 23. f4 e4 24. f5 Nd6 25.
f6 O-O 26. fxg7 Qxg7 27. Qe3 Rae8 28. b3 Kh8 29. c4 Qe5 30. Kh1 Nf5 31. Qg5 e3 32.
Rae1 e2 33. Rf3 Qf6 34. Qd2 Qd4 35. Qg5 Qd1 0-1

[Event "*** Titled Tuesday Blitz"]
[Site "Chess.com"]
[Date "2019.09.03"]
[Round "4"]
[White "HanSchut"]
[Black "FearNoEvil12"]
[Result "1-0"]
[WhiteElo "2216"]
[BlackElo "1980"]
[TimeControl "180+2"]
[EndTime "15:52:19 PDT"]
[Termination "HanSchut won by resignation"]

1. e4 a6 2. d4 b5 3. Bd3 Bb7 4. Qe2 e6 5. f4 c5 6. c3 Nc6 7. Nf3 Qb6 8. d5 Nce7 9. dxe6 dxe6 10. Be3 Nf6 11. Nbd2 O-O-O 12. a4 Nc6 13. axb5 axb5 14. Bxb5 Be7 15. Nc4 Qc7 16. Ba6 Nxe4 17. Bxb7+ Qxb7 18. O-O f5 19. b4 cxb4 20. Nb6+ Kc7 21. cxb4 Bxb4 22. Rfc1 Bd2 23. Nxd2 Nxd2 24. Bxd2 Rxd2 25. Qxd2 Qxb6+ 26. Qf2 Qxf2+ 27. Kxf2 Kd6 28. Ra6 Rc8 29. g3 Rc7 30. Kg2 Kd7 31. Rd1+ Ke7 32. Rc1 Kd7 33. h3 g6 34. g4 h6 35. Kg3 Nd8 36. Rxc7+ Kxc7 37.
Ra7+ Kd6 38. Rg7 g5 39. fxg5 hxg5 40. Rxg5 fxg4 41. Kxg4 Nf7 42. Rg7 Nh6+ 43. Kf4 Nf5 44. Rg5 Ne7 45. h4 e5+ 46. Ke4 Nc6 47. h5 Nd8 48. h6 Nf7 49. Rg6+ Ke7 50. h7 Nh8 51.
Rg8 1-0

[Event "*** Titled Tuesday Blitz"]
[Site "Chess.com"]
[Date "2019.09.03"]
[Round "4"]
[White "bugsbunny444"]
[Black "Kanthecarowin"]
[Result "0-1"]
[WhiteElo "2541"]
[BlackElo "2387"]
[TimeControl "180+2"]
[EndTime "15:52:22 PDT"]
[Termination "Kanthecarowin won by resignation"]

1. Nf3 Nf6 2. c4 g6 3. b4 Bg7 4. Bb2 O-O 5. g3 d6 6. Bg2 Nbd7 7. O-O e5 8. d3 Nh5 9. Qc2 f5 10. e3 Nhf6 11. Nbd2 Rb8 12. c5 Re8 13. cxd6 cxd6 14. Nc4 Nf8 15. Qb3 b5 16. Ncxe5+ Be6 17. Nc6 Bxb3 18. Nxd8 Bd5 19. Rfc1 Rexd8 20. Rc7 Rd7 21.
Rac1 Rb7 22. Rc8 Ng4 23. Bxg7 Kxg7 24. Nd4 Bxg2 25. Kxg2 Ne5 26. R1c3 Re7 27. h3 Ne6 28. Nxe6+ Rxe6 29. R3c7+ Re7 30. Rxb7 Rxb7 31. Rc3 Kf6 32. f4 Nf7 33. Kf3 Ke6 34. e4 fxe4+ 35. dxe4 Kd7 36. Ra3 Nd8 37. Rd3 Ke6 38. e5 Rd7 39. Ke4 d5+ 40.
Kd4 Rc7 41. a3 Rc1 42. Ke3 Nc6 43. Kf3 d4 44. g4 Kd5 45. Rd2 Rc3+ 46. Kf2 Ke4 47.
Re2+ Kxf4 48. e6 Re3 49. Rxe3 dxe3+ 50. Ke2 Nd4+ 51. Kd3 Nxe6 0-1

[Event "*** Titled Tuesday Blitz"]
[Site "Chess.com"]
[Date "2019.09.03"]
[Round "4"]
[White "DarkAlekhine"]
[Black "Kazmin_Dmitrij"]
[Result "1-0"]
[WhiteElo "2493"]
[BlackElo "2307"]
[TimeControl "180+2"]
[EndTime "15:52:26 PDT"]
[Termination "DarkAlekhine won by resignation"]

1. e4 d6 2. d4 Nf6 3. Nc3 e5 4. Nf3 Nbd7 5. Bc4 Be7 6. O-O O-O 7. a4 c6 8. Re1 h6 9. a5 Nh7 10. d5 Ng5 11. Nd2 c5 12. Nf1 Nh7 13. g3 Bg5 14.
Ne3 a6 15. h4 Bf6 16. Be2 Re8 17. Nc4 Ndf8 18. Bg4 Bxg4 19. Qxg4 Kh8 20. Ra3 Rc8 21. Rb3 Rc7 22. Rb6 Rd7 23. Nd1 Ng6 24. Nde3 Ne7 25. Bd2 g6 26. b4 cxb4 27. Rxb4 Bg7 28. Reb1 Nf6 29. Qf3 Qc8 30. Kg2 h5 31. Rb6 Qc7 32. Rxb7 Qc8 33. R7b2 Qc5 34. Bb4 Qd4 35. Nxd6 Rxd6 36. Bxd6 Nxe4 37. Rb4 Nd2 38. Qxf7 Rf8 39. Qxf8+ Bxf8 40. Rxd4 exd4 41. Rb8 Kg7 42. Nf1 Ne4 43. Be5+ Kf7 44. Bxd4 Nxd5 45. Ne3 Nb4 46. f3 Nd2 47.
Rxf8+ Kxf8 48. Bc5+ 1-0

[Event "*** Titled Tuesday Blitz"]
[Site "Chess.com"]
[Date "2019.09.03"]
[Round "4"]
[White "chessking2151"]
[Black "aa175"]
[Result "0-1"]
[WhiteElo "2611"]
[BlackElo "2287"]
[TimeControl "180+2"]
[EndTime "15:52:30 PDT"]
[Termination "aa175 won by resignation"]

1. Nf3 d5 2. g3 Bf5 3. Bg2 Nc6 4. d4 e6 5. O-O h5 6. c4 Nb4 7. Nc3 Nc2 8. Rb1 Nb4 9. e4 dxe4 10. Ne5 f6 11. Qa4+ c6 12. a3 fxe5 13. axb4 Qxd4 14.
b5 Ne7 15. Be3 Qd8 16. Rfd1 Qc8 17. Nxe4 Bxe4 18. Bxe4 Kf7 19. Rd3 g6 20. Rbd1 Bg7 21. Bg5 Re8 22. Qa3 Nf5 23. Rd7+ Kg8 24. Bxf5 exf5 25.
c5 Re6 26. Qb3 Qe8 27. R1d6 Qxd7 28. Rxc6 bxc6 29. b6 axb6 30. cxb6 Rb8 31. Be3 Qd5 32. Qa3 Rd6 33. Bc5 Qd1+ 34. Kg2 Qd5+ 35. Kg1 Rd7 36.
h4 e4 37. Be3 Qd1+ 38. Kh2 Qf3 39. Qb3+ Kh7 0-1

[Event "*** Titled Tuesday Blitz"]
[Site "Chess.com"]
[Date "2019.09.03"]
[Round "4"]
[White "bluejay1897"]
[Black "Denis_Palkovich"]
[Result "0-1"]
[WhiteElo "2290"]
[BlackElo "2230"]
[TimeControl "180+2"]
[EndTime "15:52:32 PDT"]
[Termination "Denis_Palkovich won by resignation"]

1. Nf3 d5 2. g3 Bf5 3. Bg2 e6 4. c4 c6 5. O-O Nf6 6. d3 h6 7. cxd5 exd5 8. Nc3 Be7 9. Nh4 Bh7 10. e4 dxe4 11. dxe4 Qxd1 12. Rxd1 O-O 13. Be3 g5 14. Nf5 Bxf5 15. exf5 Na6 16. h4 Ng4 17. Rd7 Nxe3 18. Rxe7 Nxg2 19. Kxg2 Rab8 20. hxg5 hxg5 21. f6 Kh7 22.
Ne4 Rbe8 23. Nxg5+ Kg6 24. Nxf7 Kxf6 25. Rxe8 Rxe8 26. Nd6 Re2 27. b3 Nc5 28. Kf3 Rd2 29. Nc4 Rc2 30. Ne3 Rb2 31. Ng4+ Kg5 32. Rc1 Ne6 33.
Rd1 Rxa2 34. Rd6 Nc5 35. Ne3 Rb2 36. Rd4 Rxb3 37. Kg2 a5 38. f4+ Kg6 39. g4 Rxe3 40. Rc4 b6 41. Kf2 Re4 0-1

[Event "*** Titled Tuesday Blitz"]
[Site "Chess.com"]
[Date "2019.09.03"]
[Round "4"]
[White "STARMATEcc"]
[Black "MarcoRiehle"]
[Result "1-0"]
[WhiteElo "2531"]
[BlackElo "2687"]
[TimeControl "180+2"]
[EndTime "15:52:33 PDT"]
[Termination "STARMATEcc won by checkmate"]

1. e4 e5 2. Nf3 Nf6 3. Nc3 Nc6 4. Bc4 Bc5 5. d3 d6 6. Bg5 h6 7. Bxf6 Qxf6 8. Nd5 Qd8 9. c3 Be6 10. b4 Bb6 11. a4 Bxd5 12. Bxd5 a6 13. a5 Ba7 14. d4 exd4 15. Bxc6+ bxc6 16. Nxd4 O-O 17. Nxc6 Qe8 18. Qd5 Qd7 19. O-O Qg4 20. c4 Rfe8 21. Rfe1 Qf4 22. Nxa7 Rxa7 23. b5 Re5 24. b6 cxb6 25.
axb6 Rae7 26. b7 Re8 27. Qxd6 Kh7 28. b8=Q Rxb8 29. Qxb8 Qf6 30. Qa7 Re6 31. e5 Qf5 32.
Qd4 Rg6 33. Qe4 Qe6 34. c5 h5 35. Rac1 Kh6 36. c6 Rg4 37. Qe3+ Kh7 38. c7 Qc8 39. e6 Qb7 40. f3 fxe6 41. fxg4 hxg4 42. Qe4+ Kg8 43.
Qxb7 g5 44. c8=Q# 1-0

[Event "*** Titled Tuesday Blitz"]
[Site "Chess.com"]
[Date "2019.09.03"]
[Round "4"]
[White "Alexander_Donchenko"]
[Black "PchelkinVK"]
[Result "0-1"]
[WhiteElo "2633"]
[BlackElo "2495"]
[TimeControl "180+2"]
[EndTime "15:52:37 PDT"]
[Termination "PchelkinVK won by resignation"]

1. b3 e5 2. Bb2 e4 3. d3 Nf6 4. Nc3 d5 5. dxe4 d4 6. Nb5 c5 7. e5 Ne4 8. c3 Qa5 9. Qd3 Bf5 10.
g4 Bg6 11. Qc4 a6 12. Nxd4 cxd4 13. Qc8+ Qd8 14. Qxb7 Nd7 15. O-O-O Rb8 16. Qd5 dxc3 17. Bg2 cxb2+ 18. Kxb2 Nxf2 19. Nf3 Nxh1 20. Bxh1 Be7 21. e6 Bf6+ 22. Nd4 fxe6 23. Qxe6+ Qe7 24. Qc4 Bf7 25.
Qxa6 O-O 26. Kb1 Bg6+ 27. Nf5 Bxf5+ 28. gxf5 Qe5 29. Bd5+ Kh8 30. Rd2 Rfc8 31. Bc4 Nc5 32. Qa5 Qe4+ 33. Rc2 Qxf5 34. a4 Qe5 35. Kc1 Nxb3+ 0-1

[Event "*** Titled Tuesday Blitz"]
[Site "Chess.com"]
[Date "2019.09.03"]
[Round "4"]
[White "mortngabriel"]
[Black "Alexandercs432"]
[Result "1/2-1/2"]
[WhiteElo "2309"]
[BlackElo "2023"]
[TimeControl "180+2"]
[EndTime "15:52:42 PDT"]
[Termination "Game drawn by repetition"]

1. d4 d5 2. c4 dxc4 3. e3 Nf6 4. Bxc4 e6 5. Nf3 a6 6. O-O b5 7. Bd3 Bb7 8. a4 b4 9. Nbd2 Nbd7 10. b3 c5 11. Bb2 Be7 12. Nc4 O-O 13. a5 Qc7 14. Rc1 Rac8 15. Qe2 Qb8 16. e4 cxd4 17. Bxd4 Nc5 18.
Bxc5 Bxc5 19. e5 Bxf3 20. Qxf3 Nd5 21. Qe4 g6 22. h4 Ne7 23. h5 Qa8 24. Qf4 Rfd8 25.
h6 Rxd3 26. Qf6 Nf5 27. Nd6 Rxd6 28. Rxc5 Rxc5 29. exd6 Nxh6 30. Rd1 Rd5 31. Rxd5 Qxd5 32. Qe7 Kg7 33. d7 Qd1+ 34. Kh2 Qh5+ 35. Kg1 Qd1+ 36.
Kh2 Qh5+ 37. Kg1 Qd1+ 1/2-1/2

[Event "*** Titled Tuesday Blitz"]
[Site "Chess.com"]
[Date "2019.09.03"]
[Round "4"]
[White "TheFireChess"]
[Black "x-6099009240"]
[Result "1/2-1/2"]
[WhiteElo "2500"]
[BlackElo "2347"]
[TimeControl "180+2"]
[EndTime "15:52:43 PDT"]
[Termination "Game drawn by repetition"]

1. e4 c5 2. c3 d6 3. d4 Nf6 4. dxc5 Nc6 5. f3 dxc5 6. Qxd8+ Kxd8 7. Be3 e6 8. Na3 a6 9. Nc4 b5 10. O-O-O+ Kc7 11. Bf4+ Kb7 12. Nd6+ Bxd6 13. Bxd6 c4 14. Nh3 h6 15. g3 Rd8 16. Bg2 Ne8 17. Bf4 Rxd1+ 18.
Rxd1 e5 19. Be3 Bxh3 20. Bxh3 Rd8 21. Rxd8 Nxd8 22. Bc5 Nc7 23. Bd6 f6 24. Bd7 Nce6 25.
h4 Kb6 26. Kd2 Nc5 27. Be8 Nde6 28. Be7 Nc7 29. Bf7 Kc6 30. b4 N5e6 31. f4 exf4 32. gxf4 Nxf4 33. Bc5 Nfe6 34. Be3 Kd7 35. Bg6 Kd6 36.
Bf5 Ke5 37. Bb6 Ne8 38. Ba7 Kd6 39. Ke3 Nd8 40. Bg6 Nc7 41. Bc5+ Kc6 42. Bf5 Nde6 43.
Ba7 Kb7 44. Bd4 Kc6 45. Ba7 Kd6 46. Bb8 Kc6 47. Ba7 1/2-1/2

[Event "*** Titled Tuesday Blitz"]
[Site "Chess.com"]
[Date "2019.09.03"]
[Round "4"]
[White "Keithonsky"]
[Black "iLuusions"]
[Result "0-1"]
[WhiteElo "2374"]
[BlackElo "2615"]
[TimeControl "180+2"]
[EndTime "15:52:45 PDT"]
[Termination "iLuusions won by resignation"]

1. d4 Nf6 2. c4 e6 3. Nf3 d5 4.
g3 dxc4 5. Bg2 Nc6 6. O-O Rb8 7. e3 b5 8. Qe2 Bb7 9. Rd1 a6 10. e4 Be7 11. Nc3 O-O 12. Bf4 Nb4 13. Ne1 Re8 14.
a3 Nc6 15. Nf3 Na5 16. Re1 Nd7 17. Rad1 h6 18. h4 Bd6 19. Be3 Nb3 20. g4 c5 21.
g5 hxg5 22. Nxg5 f6 23. Nf3 cxd4 24. Nxd4 Nxd4 25. Rxd4 Be5 26. Rd2 Qc7 27. Rc1 Rbd8 28. Rcd1 Nf8 29. Qg4 Rxd2 30. Rxd2 Rd8 31. Rxd8 Qxd8 32.
h5 Kf7 33. Nd1 Qd3 34. Bf3 a5 35. h6 g6 36. Qh3 Nh7 37. Bg4 Bxe4 38. Bxe6+ Ke8 39.
Qg4 Bf5 40. Bxf5 Qxf5 41. Qg2 Qd7 42. Qxg6+ Qf7 43. Qe4 Qg8+ 44. Kf1 Ng5 45. Qc6+ Kf7 46. Qd5+ Ne6 47. Qd7+ Kg6 48. Qd5 Qe8 49. Qxb5 Qxb5 50. Kg2 Bxb2 51. a4 Qb3 0-1

[Event "*** Titled Tuesday Blitz"]
[Site "Chess.com"]
[Date "2019.09.03"]
[Round "4"]
[White "jlucasvf"]
[Black "kosmeg"]
[Result "1/2-1/2"]
[WhiteElo "2674"]
[BlackElo "2407"]
[TimeControl "180+2"]
[EndTime "15:52:48 PDT"]
[Termination "Game drawn - insufficient material"]

1. e4 e5 2. Nf3 Nc6 3. Nc3 Nf6 4. d4 exd4 5. Nxd4 Bc5 6. Be3 Bb6 7. Qd2 Ng4 8. Nf5 Nxe3 9. Nxe3 O-O 10. O-O-O d6 11.
Bc4 Be6 12. Ned5 Bc5 13. f4 Na5 14. Bd3 c6 15. f5 Bd7 16. Nf4 b5 17. Nh5 Qh4 18.
Be2 Nc4 19. Bxc4 bxc4 20. Qe2 d5 21. exd5 Bxf5 22. dxc6 Bg4 23. Qxc4 Qxh5 24. Rd5 Be3+ 25. Kb1 Be6 26. Rxh5 Bxc4 27. Rh4 Be6 28. b4 Rfc8 29. b5 a6 30. a4 g5 31. Re4 Bc5 32. Re5 Bd4 33.
Rxg5+ Kf8 34. Rg3 axb5 35. axb5 Rab8 36. Rd1 Bxc3 37. Rxc3 Rxb5+ 38. Kc1 Rb6 39. c7 Ke7 40. Rd4 Rb7 41. Rh4 Rbxc7 42. Rxc7+ Rxc7 43. Kd2 Bf5 44. c4 Ke6 45. Kc3 Ke5 46. Rh5 Kf4 47. g3+ Ke4 48. Rh4+ Ke3 49. Rf4 Be6 50. Kb4 Kd3 51.
c5 Rb7+ 52. Ka5 Rb2 53. c6 Rxh2 54. c7 Rc2 55. Kb6 Ke3 56. Rh4 Kf3 57. Rxh7 Kxg3 58. Kb7 Kf4 59. Rxf7+ Bxf7 60. c8=Q Rxc8 61. Kxc8 1/2-1/2

[Event "*** Titled Tuesday Blitz"]
[Site "Chess.com"]
[Date "2019.09.03"]
[Round "4"]
[White "johnathan113"]
[Black "Jospem"]
[Result "0-1"]
[WhiteElo "2765"]
[BlackElo "2940"]
[TimeControl "180+2"]
[EndTime "15:52:49 PDT"]
[Termination "Jospem won on time"]

1. e4 c5 2. Nf3 d6 3. d4 cxd4 4. Nxd4 Nf6 5. Nc3 a6 6. a3 Nc6 7. Bc4 e6 8. Be3 Be7 9. O-O O-O 10. Ba2 Bd7 11. f4 e5 12. fxe5 Nxe5 13. Kh1 Rc8 14. Bg5 Nfg4 15. Bxe7 Qxe7 16. Nd5 Qh4 17. h3 Nf2+ 18.
Rxf2 Qxf2 19. Ne7+ Kh8 20. Nxc8 Rxc8 21. Qg1 Qh4 22.
Bd5 Ng4 23. Rf1 Nf6 24. Qf2 Qxf2 25. Rxf2 Nxd5 26. exd5 Kg8 27. b3 b5 28. b4 Rc4 29.
Rd2 Kf8 30. Kg1 Ke7 31. Kf2 Kf6 32. g4 Rc3 33. Nf3 h6 34. Rd4 Rxa3 35. Rf4+ Ke7 36. g5 hxg5 37. Nxg5 f5 38. h4 Rc3 39. Rf3 Rxc2+ 40. Kg3 Rc4 41. Re3+ Kf6 42. Nh7+ Kg6 43. Nf8+ Kf7 44. Nxd7 f4+ 0-1

[Event "*** Titled Tuesday Blitz"]
[Site "Chess.com"]
[Date "2019.09.03"]
[Round "4"]
[White "13MiRacLe"]
[Black "JMatias"]
[Result "1-0"]
[WhiteElo "2702"]
[BlackElo "2379"]
[TimeControl "180+2"]
[EndTime "15:52:50 PDT"]
[Termination "13MiRacLe won by resignation"]

1. e4 c5 2. Nf3 d6 3. d4 cxd4 4. Nxd4 Nf6 5. Nc3 a6 6. Be2 e5 7. Nb3 Be7 8. Be3 O-O 9. g4 Be6 10. g5 Nfd7 11. h4 Nc6 12. Bg4 Nb6 13. Bxe6 fxe6 14.
Qg4 Kh8 15. Qxe6 Rc8 16. O-O-O a5 17. Bxb6 Qxb6 18. Nd5 Qd8 19. Nxe7 Qxe7 20. Qxe7 Nxe7 21. Nxa5 Rxf2 22. Rd2 Rxd2 23. Kxd2 b6 24. Nb3 Rc4 25. Kd3 Ra4 26. a3 Ng6 27. Nd2 Nf4+ 28. Ke3 g6 29.
Rh2 Kg7 30. Nf3 Kf7 31. Rd2 Ke6 32. Ne1 Ke7 33. Nd3 Ne6 34. Nb4 Nc5 35. Rf2 b5 36. h5 gxh5 37. Rh2 Kf7 38. Rxh5 Kg6 39. Rh6+ Kxg5 40. Rxh7 Ra8 41. Nd3 Ne6 42. Rd7 Ra6 43.
Nb4 Nc5 44. Rg7+ Kf6 45. Nxa6 Kxg7 46. Nxc5 dxc5 47. b3 b4 48. a4 Kf6 49. Kd3 Ke6 50. Kc4 Kd6 51. Kb5 1-0

[Event "*** Titled Tuesday Blitz"]
[Site "Chess.com"]
[Date "2019.09.03"]
[Round "4"]
[White "TigranLPetrosyan"]
[Black "oskariot"]
[Result "1-0"]
[WhiteElo "2924"]
[BlackElo "2752"]
[TimeControl "180+2"]
[EndTime "15:52:51 PDT"]
[Termination "TigranLPetrosyan won by resignation"]

1. Nf3 c5 2. g3 g6 3. c4 Bg7 4. Nc3 Nc6 5. Bg2 e6 6. d4 cxd4 7. Nb5 d5 8. cxd5 exd5 9. Nbxd4 Nge7 10. O-O O-O 11. Be3 Nf5 12. Nxf5 Bxf5 13. Nd4 Be4 14.
Nxc6 bxc6 15. Bxe4 dxe4 16. Qc2 Qa5 17. a3 Qb5 18. a4 Qxb2 19. Ra2 Qe5 20. Qxc6 Rfc8 21.
Qb5 a6 22. Qxe5 Bxe5 23. Rb1 Rab8 24. Rxb8 Rxb8 25. Rc2 Rb4 26. a5 Rb5 27. Bb6 f5 28. Rc8+ Kf7 29. Ra8 Rb1+ 30. Kg2 g5 31. Ra7+ Kg6 32. Rxa6 f4 33. Bd4+ Kf5 34. g4+ Kxg4 35.
h3+ Kf5 36. Bxe5 Kxe5 37. Ra8 Ra1 38. a6 Kf6 39. h4 gxh4 40. a7 Kg7 41. Kh3 f3 42. e3 Ra6 43. Kxh4 Ra1 44. Kg4 Ra4 45. Kf5 h6 46. Kf4 Kh7 47. Rf8 Rxa7 48. Kxe4 Ra2 49. Kxf3 1-0

[Event "*** Titled Tuesday Blitz"]
[Site "Chess.com"]
[Date "2019.09.03"]
[Round "4"]
[White "MathiasWomacka"]
[Black "goofypenguin96"]
[Result "0-1"]
[WhiteElo "2173"]
[BlackElo "2253"]
[TimeControl "180+2"]
[EndTime "15:52:51 PDT"]
[Termination "goofypenguin96 won by resignation"]

1. e4 c6 2. d4 e6 3. Nd2 c5 4. d5 Qc7 5. c4 a6 6. Ngf3 d6 7. Bd3 Nf6 8. O-O Be7 9. Re1 O-O 10.
Nf1 Nbd7 11. Ng3 b5 12. dxe6 fxe6 13. cxb5 c4 14. Bc2 axb5 15. e5 Nxe5 16. Nxe5 dxe5 17.
Qe2 Bd6 18. Ne4 Bb7 19. Nxd6 Qxd6 20. Qxe5 Qc6 21. f3 Rfe8 22. Bg5 Nd7 23. Qg3 Nf8 24. a3 Qd7 25. Rad1 Qf7 26. Kh1 Rac8 27. Bd2 Bd5 28. Bc3 Ng6 29. Re3 Rf8 30. Rde1 Nf4 31. Qg5 h6 32.
Qh4 Rc7 33. Qg3 Rd7 34. Be5 Rb7 35. Bxf4 Qxf4 36. Qg6 Qf6 37. Qh7+ Kf7 38. Be4 Rd7 39.
h3 Rfd8 40. Bxd5 exd5 41. Re6 Qxe6 42. Rxe6 Kxe6 43. Qg6+ Ke5 44. Qb6 d4 45. Qxb5+ Rd5 46.
Qxc4 d3 47. Qe4+ Kf6 48. Qe1 d2 49. Qd1 Rc8 50. Kh2 Rc1 51. Qb3 d1=Q 52. Qb6+ Rd6 53.
Qe3 Qh1+ 54. Kg3 Qe1+ 0-1

[Event "*** Titled Tuesday Blitz"]
[Site "Chess.com"]
[Date "2019.09.03"]
[Round "4"]
[White "Gordima"]
[Black "wonderfultime"]
[Result "0-1"]
[WhiteElo "2801"]
[BlackElo "2948"]
[TimeControl "180+2"]
[EndTime "15:52:52 PDT"]
[Termination "wonderfultime won by resignation"]

1. Nf3 Nf6 2. c4 c6 3. g3 d5 4. Bg2 Bg4 5. Ne5 Be6 6. cxd5 Bxd5 7. Nf3 c5 8. Nc3 Bc6 9. O-O Nbd7 10. Re1 e5 11. e4 Be7 12. d3 O-O 13. a4 b6 14. Nd2 a6 15. Nc4 b5 16. Ne3 Re8 17. f4 Qb6 18. Nf5 Bf8 19. Kh1 Rad8 20. Qe2 g6 21. Nh4 b4 22. Nd1 exf4 23. gxf4 c4 24. Be3 Qb7 25. e5 cxd3 26. Qf1 Ne4 27. Nf2 Ndc5 28.
Ng4 h5 29. Nf2 d2 30. Red1 Nb3 31. Rab1 Nxf2+ 32. Qxf2 Rd3 33. f5 Rxe5 34. fxg6 Bxg2+ 35. Nxg2 Rdxe3 36. Rf1 Re2 37. gxf7+ Kh7 38. Qg3 Qxg2+ 39. Qxg2 Rxg2 40. Kxg2 Kg7 41. Rbd1 Re2+ 42. Rf2 Rxf2+ 43. Kxf2 Kxf7 44. Ke2 Bg7 45. Kd3 Bh6 46. Kc4 Nc1 47. Kxb4 Nd3+ 48. Kc3 Nf2 49. Rxd2 Ne4+ 0-1

[Event "*** Titled Tuesday Blitz"]
[Site "Chess.com"]
[Date "2019.09.03"]
[Round "4"]
[White "Thjop"]
[Black "Genghis_K"]
[Result "0-1"]
[WhiteElo "2570"]
[BlackElo "2872"]
[TimeControl "180+2"]
[EndTime "15:52:53 PDT"]
[Termination "Genghis_K won by checkmate"]

1. e4 c5 2. Nf3 d6 3. Bb5+ Nd7 4. O-O a6 5. Bd3 Ngf6 6. Re1 e6 7. c3 b5 8. Bc2 c4 9. b3 Bb7 10. bxc4 bxc4 11. Na3 Rc8 12. Rb1 Ba8 13. Qe2 d5 14. e5 Ne4 15. Nd4 Be7 16. Bxe4 dxe4 17. Nxc4 O-O 18.
Nd6 Bxd6 19. exd6 Nc5 20. Ba3 Bd5 21. c4 Ba8 22. Bxc5 Rxc5 23. Nb3 Rg5 24. c5 a5 25. a4 Qf6 26. Qe3 Rd5 27. Nxa5 Rd3 28. Qe2 Qg5 29. Rb3 e3 30. f4 Qxc5 31. dxe3 Rxd6 32. Nb7 Bxb7 33. Rxb7 Rfd8 34. Rb5 Qa3 35. Qb2 Qxa4 36. Rb8 h5 37. Rxd8+ Rxd8 38. g3 Qe4 39. Qg2 Qd3 40.
Qe2 Qc3 41. Kf2 Rd2 42. Qxd2 Qxd2+ 43. Re2 Qd5 44. e4 Qd4+ 45. Kf3 Qd3+ 46. Re3 Qf1# 0-1

[Event "*** Titled Tuesday Blitz"]
[Site "Chess.com"]
[Date "2019.09.03"]
[Round "4"]
[White "ALEXJR20"]
[Black "boasovietica"]
[Result "0-1"]
[WhiteElo "2216"]
[BlackElo "2459"]
[TimeControl "180+2"]
[EndTime "15:52:53 PDT"]
[Termination "boasovietica won by checkmate"]

1. c4 c5 2. g3 Nc6 3. Bg2 e5 4. a3 a5 5. Nc3 g6 6. e4 Bg7 7.
Nge2 Nge7 8. O-O O-O 9. f4 d6 10. d3 Rb8 11. fxe5 dxe5 12. Nd5 f6 13. Be3 b6 14.
Qd2 Nd4 15. Nxd4 cxd4 16. Bh6 b5 17. Bxg7 Kxg7 18. b4 bxc4 19. dxc4 Be6 20. b5 Rc8 21. Rac1 Qd6 22. Qxa5 Nxd5 23. cxd5 Bg4 24. Rc6 Rxc6 25. bxc6 Be2 26. Rc1 d3 27. c7 Rc8 28. Bh3 f5 29. exf5 e4 30. f6+ Qxf6 31. Bxc8 e3 32. Bf5 Qxf5 33. Qc3+ Kh6 34. Qe1 d2 35. Qxe2 dxc1=Q+ 36. Kg2 Qxd5+ 37. Kh3 Qf5+ 38. g4 Qcf1+ 39. Qxf1 Qxf1+ 40. Kg3 Qf2+ 41. Kh3 Qf3+ 42. Kh4 g5# 0-1

[Event "*** Titled Tuesday Blitz"]
[Site "Chess.com"]
[Date "2019.09.03"]
[Round "4"]
[White "chessdjw"]
[Black "VladDobrov"]
[Result "0-1"]
[WhiteElo "2692"]
[BlackElo "2881"]
[TimeControl "180+2"]
[EndTime "15:52:57 PDT"]
[Termination "VladDobrov won on time"]

1. d4 Nf6 2. c4 e6 3. g3 c5 4. Nf3 cxd4 5. Nxd4 Qc7 6. Nc3 a6 7. Bg2 Qxc4 8. Bf4 Nc6 9. Nb3 d5 10. Rc1 Qb4 11. O-O Be7 12. e4 d4 13. a3 Qb6 14.
Na4 Qa7 15. Bc7 e5 16. Nb6 O-O 17. Nxa8 Qxa8 18. Nc5 Bg4 19. Qb3 Rc8 20. Bb6 a5 21. h3 Bh5 22. Rfe1 Bxc5 23. Bxc5 a4 24. Qb5 Nd7 25.
Bd6 f6 26. Rc4 Na7 27. Qxa4 Rxc4 28. Qxc4+ Bf7 29. Qc7 Nf8 30. Qb8 Qxb8 31. Bxb8 Nc6 32. Bd6 Bb3 33. Bf1 Ne6 34. Rc1 Ng5 35. Bg2 d3 36.
Bb4 Nxb4 37. Rc8+ Kf7 38. Rd8 Ne6 39. Rd7+ Ke8 40. Rd6 Ke7 41. Rxd3 Nxd3 0-1